[Event "*** Titled Tuesday 3|2 Blitz"]
[Site "Chess.com"]
[Date "2016.09.06"]
[Round "4"]
[White "PowerThinking2650"]
[Black "Journey_to_GrandMaster_YT"]
[Result "0-1"]
[WhiteElo "2160"]
[BlackElo "2356"]
[TimeControl "180+2"]
[EndTime "11:51:20 PDT"]
[Termination "Journey_to_GrandMaster_YT won by resignation"]

1. e4 d6 2. d4 Nf6 3. Nc3 e5 4. dxe5 dxe5 5. Qxd8+ Kxd8 6. Bg5 c6 7. O-O-O+ Ke8 8.
f4 Nbd7 9. Nf3 Ng4 10. Nxe5 Nf2 11. Bc4 f6 12. Nf7 Nxd1 13. Rxd1 Rg8 14. Bh4 b5 15. Bb3 Nc5 16. Nd6+ Bxd6 17. Bxg8 Bxf4+ 18.
Kb1 h6 19. Ne2 Be5 20. Bh7 Bg4 21. Bg6+ Ke7 22. Re1 Rd8 23. Nc3 b4 24. Bf2 bxc3 25. Bxc5+ Ke6 26. h3 Rd1+ 27. Rxd1 Bxd1 28. Bf5+ Kf7 29.
bxc3 Bxc3 30. Bxa7 Be2 31. Bg4 Bf1 32. Bf3 Ke6 33. a4 Ba5 34. Bb8 h5 35. Ka2 g5 36.
Kb3 Kd7 37. Bxh5 Bxg2 38. Bg4+ Ke7 39. Bg3 Bf1 40. Bf2 Kd6 41. Bd4 Bd8 42. Bc3 Bg2 43. Bb4+ Ke5 44. a5 Bxe4 45. a6 f5 46. a7 c5 47. Bc3+ Ke6 48. Be2 Bb6 49. Bc4+ Ke7 50. Bd3 Bxa7 51. Bxe4 fxe4 52. Kc4 Ke6 53. Bg7 Kf5 54. Bf8 Kf4 0-1

[Event "*** Titled Tuesday 3|2 Blitz"]
[Site "Chess.com"]
[Date "2016.09.06"]
[Round "4"]
[White "chessdude"]
[Black "hypert"]
[Result "0-1"]
[WhiteElo "2336"]
[BlackElo "2347"]
[TimeControl "180+2"]
[EndTime "11:51:22 PDT"]
[Termination "hypert won by resignation"]

1. e4 c5 2. Nf3 e6 3. d4 cxd4 4.
Nxd4 Nf6 5. Nc3 d6 6. g4 h6 7. Rg1 Be7 8. h4 d5 9. exd5 Nxd5 10.
Nxd5 Qxd5 11. Bg2 Qe5+ 12. Be3 Bxh4 13. Qd2 Bg5 14. O-O-O Bxe3 15. fxe3 O-O 16. g5 h5 17. g6 fxg6 18. Rdf1 Nd7 19. Rxf8+ Nxf8 20. Rf1 Bd7 21. Bxb7 Rb8 22. Bg2 a5 23. c3 a4 24. Qf2 a3 25. b3 Rc8 26. c4 Qa5 27. Qc2 e5 28.
Ne2 Be6 29. Nc3 Qc5 30. Nd5 Kh7 31. Qd3 Bf5 32. Be4 Bxe4 33. Qxe4 Qa5 34. Rh1 Kh6 35. Kc2 Re8 36. Rg1 Qd8 37. Qf3 Qh4 38. b4 e4 39.
Qf4+ Qxf4 40. exf4 Ne6 41. c5 h4 42. c6 Kh5 43. b5 Nd4+ 44. Kd1 Nxb5 45. Rg5+ Kh6 46. c7 Rc8 47. Nb6 Nc3+ 48. Ke1 Rxc7 49. Rg4 g5 50. Rxg5 Nxa2 51. Nd5 Rc1+ 52. Kd2 Rh1 53. Ne3 g6 54. Ng4+ Kh7 55. Nf6+ Kg7 56. Nxe4 Rh2+ 57. Ke3 Nb4 58. f5 a2 59. Rxg6+ Kf8 60. Rf6+ Ke8 61. Re6+ Kd8 62. Rd6+ Kc7 63. Rd1 a1=Q 64. Rxa1 Nc2+ 65. Kf4 Nxa1 66.
f6 Kd7 67. Kf5 Ke8 68. Kg6 Rg2+ 0-1

[Event "*** Titled Tuesday 3|2 Blitz"]
[Site "Chess.com"]
[Date "2016.09.06"]
[Round "4"]
[White "severomorskij"]
[Black "tigra"]
[Result "1-0"]
[WhiteElo "2603"]
[BlackElo "2448"]
[TimeControl "180+2"]
[EndTime "11:51:36 PDT"]
[Termination "severomorskij won by resignation"]

1. d4 Nf6 2. c4 g6 3. Nc3 d5 4. cxd5 Nxd5 5. e4 Nxc3 6. bxc3 Bg7 7. Qa4+ Qd7 8. Qa3 O-O 9. Bd3 b6 10. Nf3 c5 11. O-O Nc6 12. Bb5 Qc7 13. Bb2 Bg4 14.
Bxc6 Qxc6 15. d5 Qf6 16. Nd2 Qf4 17. Bc1 Qe5 18. Bb2 Qg5 19. f4 Qh5 20. c4 e5 21.
Qc3 Qh6 22. h3 Bd7 23. fxe5 Rae8 24. Nf3 g5 25. Qe3 g4 26. Qxh6 Bxh6 27. hxg4 Bxg4 28. Kf2 Bf4 29. Rh1 Bxf3 30. gxf3 Bxe5 31. Rag1+ Kh8 32. Bxe5+ Rxe5 33. Rh6 f5 34. Rh5 Re7 35. Rxf5 Rxf5 36. exf5 Rg7 37. Rh1 Kg8 38. Ke3 Kf7 39. Kf4 Kg8 40.
Ke5 Kf8 41. d6 Ke8 42. Ke6 Rg2 43. Rxh7 Re2+ 44. Kd5 Rxa2 45. Kc6 a5 46. d7+ 1-0

[Event "*** Titled Tuesday 3|2 Blitz"]
[Site "Chess.com"]
[Date "2016.09.06"]
[Round "4"]
[White "macko06"]
[Black "alturas_pacificas"]
[Result "0-1"]
[WhiteElo "2181"]
[BlackElo "2154"]
[TimeControl "180+2"]
[EndTime "11:51:41 PDT"]
[Termination "alturas_pacificas won on time"]

1. d4 d5 2. c4 c6 3. Nf3 Nf6 4.
Nc3 e6 5. Bg5 dxc4 6. e4 b5 7. e5 h6 8. Bh4 g5 9. Nxg5 Nd5 10. Nf3 Qa5 11. Qd2 Bb4 12. Rc1 c5 13. dxc5 Nd7 14. c6 Nc5 15. Qc2 Na4 16. a3 Bxc3+ 17.
bxc3 Naxc3 18. Qd2 Qxa3 19. Be2 Nxe2 20. Kxe2 c3 21.
Qd4 b4 22. Rhd1 Ba6+ 23. Ke1 Qa2 24. Qe4 Nf4 25. Nd4 Nd5 26. Ra1 Qc4 27. Rxa6 Qxa6 28. Nf5 Qxc6 29. Nd6+ Kd7 30. Qf3 f5 31. Qg3 Rhg8 32.
Qf3 c2 33. Rc1 Rg4 34. g3 a5 35. h3 Rd4 36. Qh5 Kc7 37. Qf7+ Kb6 38. Qxe6 Qc3+ 39. Ke2 Rd2+ 40. Kf1 Rd1+ 41. Kg2 Qc6 42. Rxc2 Ne3+ 0-1

[Event "*** Titled Tuesday 3|2 Blitz"]
[Site "Chess.com"]
[Date "2016.09.06"]
[Round "4"]
[White "Astaneh"]
[Black "igorkovalenko"]
[Result "0-1"]
[WhiteElo "2479"]
[BlackElo "2606"]
[TimeControl "180+2"]
[EndTime "11:51:47 PDT"]
[Termination "igorkovalenko won by resignation"]

1. d4 e6 2. Nf3 c5 3. g3 cxd4 4.
Nxd4 Nc6 5. Nxc6 bxc6 6. Bg2 d5 7. O-O Nf6 8. c4 Be7 9. b3 O-O 10. Nd2 a5 11. Bb2 a4 12. bxa4 Qa5 13. e4 dxc4 14. Nxc4 Qxa4 15. Nb6 Qxd1 16. Rfxd1 Rb8 17. Nxc8 Rfxc8 18. Be5 Rb5 19. Bf4 Ba3 20. Rd3 Ra5 21.
Rad1 h6 22. Rc3 g5 23. Be3 Ng4 24. Bd4 Bb2 25. Rc2 Bxd4 26. Rxd4 c5 27. Rdc4 Ne5 28.
R4c3 g4 29. h3 h5 30. hxg4 hxg4 31. Kf1 Kf8 32. Ke2 Ke7 33. Ke3 Kf6 34. Bf1 Kg5 35. a4 Rxa4 36. Rxc5 Rxc5 37. Rxc5 Ra3+ 38. Kd4 f6 39. Rc2 Nf3+ 40. Kc5 e5 41. Rb2 Nd4 42.
Bc4 Rc3 43. Kd5 Kg6 44. Kc5 Nf3 45. Kb4 Rc1 46. Be2 Kg5 47. Bxf3 gxf3 48. Kb3 Kg4 49. Rc2 Re1 50. Kc3 Kh3 51. Kd3 Kg2 52. g4 Kf1 53. Rc6 Kxf2 54. Rxf6 Rd1+ 55. Kc4 Ke3 56. g5 f2 57. g6 Rd4+ 58. Kc5 Rxe4 59. Kd6 Rg4 60. Kxe5 Rxg6 61. Rxg6 f1=Q 62. Rg3+ Kd2 63. Rg4 Qb5+ 64. Kf6 Ke3 65. Rg5 Qc6+ 66. Kf5 Qd7+ 67.
Kf6 Kf4 68. Rg7 Qd6+ 69. Kf7 Kf5 70. Rg1 Qd5+ 71. Ke8 Qa8+ 0-1

[Event "*** Titled Tuesday 3|2 Blitz"]
[Site "Chess.com"]
[Date "2016.09.06"]
[Round "4"]
[White "viktorskliarov"]
[Black "Sanan_Sjugirov"]
[Result "0-1"]
[WhiteElo "2444"]
[BlackElo "2711"]
[TimeControl "180+2"]
[EndTime "11:51:51 PDT"]
[Termination "Sanan_Sjugirov won by resignation"]

1. e4 e5 2. Nc3 Nf6 3. Bc4 Bc5 4.
d3 c6 5. Nf3 d6 6. h3 b5 7. Bb3 a5 8. a4 b4 9. Ne2 O-O 10. Ng3 Bb6 11. O-O Nbd7 12. Be3 Nc5 13. Bc4 Re8 14. Ng5 Ra7 15. Nh5 h6 16. Nxf6+ Qxf6 17. Nf3 Rb7 18. Kh2 Be6 19. Bxc5 Bxc5 20. Bxe6 Rxe6 21. c3 d5 22. Qe2 bxc3 23. bxc3 Rd7 24. Rab1 Re8 25. Rb2 Red8 26. Rfb1 Kh7 27. Rb7 g6 28.
Rxd7 Rxd7 29. Rb8 Kg7 30. g3 dxe4 31. dxe4 Qe6 32. Kg2 Qd6 33. Re8 Qd3 34. Qxd3 Rxd3 35. Nxe5 Rd2 36. h4 Rxf2+ 37. Kh3 Rc2 38. Nxc6 h5 39.
Nd4 Rxc3 40. Ne2 Rc2 41. Nf4 Bg1 42. Ng2 Ra2 43. e5 Rxa4 44. e6 fxe6 45. Rxe6 Ra2 46. Ra6 a4 47. g4 Ra3+ 48. Ne3 Rxe3+ 49. Kg2 hxg4 50. Rxa4 Re1 51. Rxg4 Kh6 52. Kh3 Bc5 53. Rc4 Be7 54. Rd4 Re3+ 55. Kg4 Rb3 56. Rc4 Rb4 57. Rxb4 Bxb4 58. h5 g5 0-1

[Event "*** Titled Tuesday 3|2 Blitz"]
[Site "Chess.com"]
[Date "2016.09.06"]
[Round "4"]
[White "Rsnr"]
[Black "dusanacns"]
[Result "1-0"]
[WhiteElo "2511"]
[BlackElo "2539"]
[TimeControl "180+2"]
[EndTime "11:51:58 PDT"]
[Termination "Rsnr won on time"]

1. d4 d6 2. e4 Nf6 3. Nc3 e5 4.
dxe5 dxe5 5. Qxd8+ Kxd8 6. Bc4 Ke8 7. f3 c6 8. Be3 Nbd7 9. Kf2 a5 10. a4 Bc5 11. Nge2 Ke7 12. Rhd1 Bxe3+ 13. Kxe3 Nc5 14. g4 Nfd7 15. Ng3 g6 16. h4 Nb6 17. Be2 Ne6 18. Bd3 Nf4 19. Kf2 Ne6 20. Ke3 Nc5 21. Be2 Be6 22. b3 Nbd7 23. Nd5+ cxd5 24. exd5 Rac8 25. dxe6 Nxe6 26. Bc4 Nb6 27. Bxe6 Kxe6 28. c4 f5 29. Ne2 Nd7 30. Rab1 Nc5 31. Nc3 Rhf8 32.
g5 h6 33. Nb5 Rc6 34. Rh1 hxg5 35. hxg5 f4+ 36. Ke2 Kf5 37. Rh7 Kxg5 38. Nc3 Rb6 39. Nd5 Rxb3 40. Rxb3 Nxb3 41. Rxb7 Nd4+ 42. Kf2 Rh8 43. Kg2 Rc8 44. Nb6 Rc6 45. Rb8 Nf5 46. Nd7 Rxc4 47. Nxe5 Rxa4 48. Rb6 Nh4+ 49. Kh3 Rb4 50.
Ra6 Rb5 51. Nf7+ Kh5 52. Nd6 Rd5 53. Ne4 Rd1 54. Rxa5+ g5 55. Rxg5+ Kh6 56. Kxh4 Re1 57. Kg4 1-0

[Event "*** Titled Tuesday 3|2 Blitz"]
[Site "Chess.com"]
[Date "2016.09.06"]
[Round "4"]
[White "nihalsarin"]
[Black "SavelijTartakover"]
[Result "1-0"]
[WhiteElo "2405"]
[BlackElo "2472"]
[TimeControl "180+2"]
[EndTime "11:52:02 PDT"]
[Termination "nihalsarin won by resignation"]

1. d4 Nf6 2. c4 g6 3. Nc3 Bg7 4. e4 O-O 5. Be2 d6 6. Be3 Na6 7. g4 c5 8. d5 e6 9. g5 Ne8 10. h4 Nac7 11. Nf3 exd5 12. cxd5 Bg4 13. Nd2 Bxe2 14.
Qxe2 a6 15. f4 b5 16. f5 b4 17. Na4 Nb5 18. f6 Nxf6 19. gxf6 Qxf6 20. O-O-O Rae8 21. h5 Nc3 22. bxc3 bxc3 23. Nb1 Rxe4 24. Naxc3 Rb4 25. hxg6 hxg6 26. Bh6 Rfb8 27. Bxg7 Kxg7 28.
Qh2 Qg5+ 29. Rd2 Kf8 30. Qxd6+ Kg7 31. Qh2 Kf8 32. d6 Ke8 33. d7+ Kd8 34. Qh8+ Kc7 35.
d8=Q+ Rxd8 36. Qxd8+ Qxd8 37. Rxd8 Kxd8 38. Nd5 Rd4 39.
Nbc3 Kd7 40. Rh7 Ke6 41. Nc7+ Kf6 42. Nxa6 g5 43. Nxc5 Kg6 44. Rh1 Rc4 45. Na4 f5 46. Kd2 g4 47. Nb2 Rd4+ 48. Nd3 Kg5 49. a4 g3 50. a5 f4 51. Ne2 Ra4 52. Nexf4 Rxa5 53. Rh5+ 1-0

[Event "*** Titled Tuesday 3|2 Blitz"]
[Site "Chess.com"]
[Date "2016.09.06"]
[Round "4"]
[White "Alexander_Donchenko"]
[Black "Keranke"]
[Result "1-0"]
[WhiteElo "2509"]
[BlackElo "2540"]
[TimeControl "180+2"]
[EndTime "11:52:11 PDT"]
[Termination "Alexander_Donchenko won by checkmate"]

1. d4 g6 2. c4 Bg7 3. Nf3 Nf6 4. g3 O-O 5. Bg2 d6 6. Nc3 c6 7. O-O Qa5 8. e4 Qh5 9. Ng5 Qxd1 10.
Rxd1 e5 11. Nf3 Nbd7 12. h3 Re8 13. d5 cxd5 14. cxd5 a6 15. Be3 b5 16. Nd2 Bb7 17.
Nb3 b4 18. Na4 a5 19. Rac1 Ba6 20. Nd2 Bb5 21. b3 Rec8 22. Bf1 Bxa4 23. bxa4 Nc5 24. Bxc5 dxc5 25. f3 Bh6 26. Rc2 Be3+ 27. Kg2 Bd4 28. Nb3 Ne8 29. Bb5 Nd6 30. Bc6 Rab8 31. Nxc5 Bxc5 32.
Rxc5 b3 33. axb3 Rxb3 34. Rd2 Rcb8 35. Re2 Rb2 36. Kf2 Rxe2+ 37. Kxe2 Rb2+ 38. Kd1 Rb3 39. Rxa5 Rxf3 40. Ra8+ Kg7 41. a5 Ra3 42. a6 Nxe4 43.
Kc2 Nd6 44. Rd8 Nc4 45. Bb7 e4 46. d6 e3 47. d7 Ne5 48. Rg8+ Kxg8 49. d8=Q+ Kg7 50.
Qe7 Ra5 51. Qc7 Rb5 52. a7 e2 53. Qc3 Rc5 54. Qxc5 e1=Q 55. a8=Q Qe2+ 56. Kb3 Qd3+ 57. Qc3 Qb1+ 58. Ka3 f6 59. Bd5 Kh6 60. Qf8+ Kg5 61. Qe3+ Kf5 62. Qf4# 1-0

[Event "*** Titled Tuesday 3|2 Blitz"]
[Site "Chess.com"]
[Date "2016.09.06"]
[Round "4"]
[White "FearlessKing64"]
[Black "Mastervlad8"]
[Result "0-1"]
[WhiteElo "2321"]
[BlackElo "2145"]
[TimeControl "180+2"]
[EndTime "11:52:13 PDT"]
[Termination "Mastervlad8 won by resignation"]

1. e4 c5 2. Nf3 e6 3. c4 d6 4. d4 cxd4 5. Nxd4 Nf6 6. Nc3 Be7 7. Be2 O-O 8. O-O a6 9. Be3 Nbd7 10. Rc1 Qc7 11. f3 b6 12. Qd2 Bb7 13. Rfd1 Rac8 14. Bf1 Qb8 15. Kh1 Bd8 16. Qf2 Bc7 17. Qg1 Rfe8 18. Bf2 Kh8 19. b4 Rg8 20. Nb3 g5 21.
Na4 g4 22. Be2 gxf3 23. Bxf3 Ne5 24. Bd4 Nxe4 25. Bxe5+ dxe5 26. Qe3 f5 27. Rd7 Rcd8 28.
Rcd1 f4 29. Bxe4 Rxd7 30. Rxd7 Rd8 31. Rxh7+ Kg8 32. Rh8+ Kg7 33. Qf3 Bxe4 34. Qg4+ Bg6 35. Rxd8 Qxd8 36. h4 Kh7 37. h5 Bf5 38. Qe2 Qh4+ 39.
Kg1 e4 40. c5 f3 41. gxf3 exf3 42. Qf2 Qg4+ 43. Kf1 Bd3+ 44. Ke1 Bg3 45. Nxb6 Bxf2+ 46. Kxf2 Qg2+ 47. Ke3 Qe2+ 48. Kd4 Qe4+ 49. Kc3 f2 50. Nd2 Qe1 51. Kxd3 Qxd2+ 52. Kxd2 f1=Q 53. a3 Qb5 54. Kc3 Kh6 55. Nc4 Kxh5 56. Nd6 Qc6 57. Nc4 Qd5 58. a4 e5 59. Nb6 Qd4+ 60. Kb3 a5 61. Nc4 Qd3+ 62.
Kb2 Qxc4 63. bxa5 Qxc5 0-1

[Event "*** Titled Tuesday 3|2 Blitz"]
[Site "Chess.com"]
[Date "2016.09.06"]
[Round "4"]
[White "Wolverine_master"]
[Black "Zhani-Z"]
[Result "1-0"]
[WhiteElo "2052"]
[BlackElo "2266"]
[TimeControl "180+2"]
[EndTime "11:52:24 PDT"]
[Termination "Wolverine_master won by resignation"]

1. e4 e5 2. Nf3 Nc6 3. d4 exd4 4. Bc4 Bc5 5. c3 Nf6 6. e5 d5 7. Bb5 Ne4 8. Nxd4 O-O 9. Bxc6 bxc6 10. O-O Bd7 11.
f3 Ng5 12. f4 Ne4 13. Be3 Bb6 14. Nd2 Nxd2 15. Qxd2 c5 16. Nb3 c4 17. Nc5 Bf5 18. Bd4 Qe7 19. Qe3 f6 20. exf6 Qxe3+ 21. Bxe3 Rxf6 22. b4 cxb3 23. axb3 Raf8 24. Bd4 R6f7 25. Rfe1 Bg4 26. g3 Bh3 27. Ne6 Bxe6 28. Rxe6 Bxd4+ 29. cxd4 Rb8 30. Rxa7 Rxb3 31. Re8+ Rf8 32. Re5 Rb1+ 33.
Kg2 Rb2+ 34. Kh3 Rf6 35. Rxc7 h6 36. Re8+ Kh7 37. Ree7 Rg6 38. f5 Rg5 39. f6 Rf2 40. Rxg7+ Rxg7 41. Rxg7+ Kh8 42. Rd7 Rf5 43. f7 Kg7 44.
Rd6 h5 45. g4 Rf3+ 46. Kh4 hxg4 47. Kxg4 Rf2 48. Kg3 Rf5 49. Kg4 Rf2 50. Rxd5 Kxf7 51.
Rf5+ 1-0

[Event "*** Titled Tuesday 3|2 Blitz"]
[Site "Chess.com"]
[Date "2016.09.06"]
[Round "4"]
[White "Sinquefield"]
[Black "Anton_Demchenko"]
[Result "0-1"]
[WhiteElo "2025"]
[BlackElo "2607"]
[TimeControl "180+2"]
[EndTime "11:52:29 PDT"]
[Termination "Anton_Demchenko won by resignation"]

1. e4 e5 2. Nf3 Nc6 3. Bb5 a6 4. Ba4 d6 5. O-O Bd7 6. Nc3 Nf6 7. a3 Be7 8. d3 O-O 9. h3 h6 10. Be3 Kh8 11. d4 b5 12. Bb3 exd4 13. Nxd4 Ne5 14. f4 Ng6 15. Nd5 c5 16. Nf5 c4 17. Ba2 Nxd5 18.
Qxd5 Be6 19. Qd2 Bf6 20. c3 Bxf5 21. exf5 Ne7 22. Bb1 d5 23. Bc2 Qd7 24. Rad1 Rad8 25. g4 d4 26. Bxd4 Bxd4+ 27. Qxd4 Qxd4+ 28. Rxd4 Rxd4 29. cxd4 Rd8 30. Re1 Nc6 31. d5 Nd4 32. Be4 Nb3 33. Kf2 Nc5 34. Kf3 Re8 35. Re2 Kg8 36.
Bc2 Rd8 37. Rd2 Kf8 38. Ke3 Ke7 39. Kd4 Kd6 40. Re2 Nd7 41. g5 hxg5 42. fxg5 Rh8 43. Re3 Rh4+ 44. Re4 Rxh3 45. g6 Rh2 46. gxf7 Nf8 47.
Bd1 Rd2+ 48. Ke3 Rxd1 49. Re8 Rxd5 50. Rxf8 Ke7 51. Ra8 Kxf7 52. Ra7+ Kf6 53. Ke4 Re5+ 54. Kd4 Rxf5 55. Rxa6+ Kg5 56. Ke3 Rd5 57. Rb6 Rd3+ 58. Kf2 Rb3 59. Kg1 Kf5 60. Kf2 0-1

[Event "*** Titled Tuesday 3|2 Blitz"]
[Site "Chess.com"]
[Date "2016.09.06"]
[Round "4"]
[White "Haridaskesavan"]
[Black "Usurpov"]
[Result "1/2-1/2"]
[WhiteElo "2197"]
[BlackElo "2304"]
[TimeControl "180+2"]
[EndTime "11:52:40 PDT"]
[Termination "Game drawn - insufficient material"]

1. e4 c5 2. c3 e6 3. d4 d5 4.
exd5 exd5 5. Nf3 Nf6 6. Bb5+ Bd7 7. Bxd7+ Nbxd7 8. O-O Be7 9. dxc5 Nxc5 10. Re1 O-O 11. Na3 Re8 12. Nc2 a5 13. Be3 Nce4 14. Nfd4 Bf8 15.
Qf3 g6 16. Rad1 Bg7 17. Bf4 h5 18. h4 Ng4 19. Bg3 Ra6 20. Ne2 Rf6 21. Nf4 Nxg3 22.
Qxg3 Rxe1+ 23. Rxe1 Qb6 24. Nxd5 Qxf2+ 25. Qxf2 Rxf2 26.
Nce3 Rxb2 27. Nc4 Rxa2 28. g3 b5 29. Nd6 b4 30. Re8+ Bf8 31. cxb4 axb4 32. Nxb4 Ra1+ 33.
Kg2 Kg7 34. Rd8 Rd1 35. Ne8+ Kg8 36. Rxd1 Bxb4 37. Rd8 Kh7 38. Rd7 Kg8 39. Nd6 Bxd6 40. Rxd6 Kg7 41. Ra6 Kh6 42. Kf3 Kg7 43. Kf4 Nf6 44.
Ra5 Ng4 45. Ra6 Nf6 46. Ke5 Ng4+ 47. Kd6 Nh6 48. Ke7 Nf5+ 49. Ke8 Nxg3 50. Ra7 Nf5 51.
Rxf7+ Kh6 52. Rf8 Nxh4 53. Kf7 Kg5 54. Rg8 Kg4 55. Kf6 Kf4 56. Ra8 Kg3 57. Ra3+ Nf3 58. Kxg6 h4 59. Ra1 Kg2 60. Ra8 h3 61. Rh8 Kg3 62. Rxh3+ Kxh3 1/2-1/2

[Event "*** Titled Tuesday 3|2 Blitz"]
[Site "Chess.com"]
[Date "2016.09.06"]
[Round "4"]
[White "Gordima"]
[Black "roldieyi"]
[Result "1/2-1/2"]
[WhiteElo "2509"]
[BlackElo "2229"]
[TimeControl "180+2"]
[EndTime "11:52:42 PDT"]
[Termination "Game drawn by repetition"]

1. Nf3 Nf6 2. c4 e6 3. g3 d5 4. Bg2 Be7 5. O-O O-O 6. b3 b6 7. Bb2 c5 8. e3 Bb7 9. Qe2 dxc4 10. bxc4 Nbd7 11. Nc3 a6 12. d3 Qc7 13. a4 Bc6 14. Rab1 Rab8 15. Ba1 Bd6 16. h3 Ne5 17. Nxe5 Bxg2 18. Kxg2 Bxe5 19. f4 Bxc3 20. Bxc3 Nd7 21.
Qg4 g6 22. e4 Qc6 23. f5 exf5 24. Rxf5 Rbd8 25. Rbf1 f6 26. Rd5 Ne5 27. Bxe5 fxe5 28. Rxf8+ Rxf8 29. Rxe5 Qxa4 30. Qe6+ Rf7 31. Qe8+ Qxe8 32.
Rxe8+ Kg7 33. Rb8 Rd7 34. Rxb6 Rxd3 35. Rxa6 Rd4 36. Kf3 Rxc4 37. Kf4 Rc1 38. Ra7+ Kf6 39. Ra6+ Kf7 40. Ke5 c4 41. Ra7+ Kg8 42. Rc7 c3 43. Kf6 Rf1+ 44. Ke6 Re1 45. e5 Re3 46. g4 Rxh3 47. g5 Rg3 48. Rc8+ Kg7 49. Rc7+ Kg8 50.
Kd6 Rd3+ 51. Ke7 Rg3 52. e6 Rxg5 53. Kd6 Rg3 54. Rc8+ Kg7 55. e7 Rd3+ 56. Ke6 Re3+ 57.
Kd7 Rd3+ 58. Ke6 Re3+ 59. Kd7 Rd3+ 60. Ke6 Re3+ 1/2-1/2

[Event "*** Titled Tuesday 3|2 Blitz"]
[Site "Chess.com"]
[Date "2016.09.06"]
[Round "4"]
[White "CroatianPower"]
[Black "Mepetmepe"]
[Result "0-1"]
[WhiteElo "2432"]
[BlackElo "2350"]
[TimeControl "180+2"]
[EndTime "11:54:10 PDT"]
[Termination "Mepetmepe won by resignation"]

1. d4 Nf6 2. c4 g6 3. Nc3 d5 4.
cxd5 Nxd5 5. e4 Nxc3 6. bxc3 Bg7 7. Qa4+ Nd7 8. Nf3 O-O 9. Be2 c5 10. O-O cxd4 11. cxd4 Nc5 12. dxc5 Bxa1 13. e5 Bc3 14. Qf4 f6 15. Qc4+ Kg7 16. Qxc3 Be6 17. Rd1 Qc7 18.
exf6+ exf6 19. h3 Bxa2 20. Qd2 Bb3 21. Qh6+ Kg8 22. Bf4 Qg7 23. Rd6 Qxh6 24. Bxh6 Rf7 25.
Nd4 Ba2 26. Bf3 a5 27. Nb5 a4 28. Rd2 Bb3 29. Na3 g5 30. h4 gxh4 31. Rd4 Rc8 32.
Be3 h3 33. gxh3 Kf8 34. Rb4 Rcc7 35. Bf4 Rcd7 36. Bd6+ Kg7 37. Bg4 f5 38. Bf3 Kf6 39.
Rb6 Kg7 40. Nb5 Bc4 41. Nc3 a3 42. Rb4 b5 43. Be5+ Kg6 44. Nxb5 a2 45. Rxc4 Rfe7 46. Ra4 Rxe5 47. c6 Rd3 48. c7 Rc5 49. Bb7 Rd1+ 50.
Kg2 a1=Q 51. Rxa1 Rxa1 52. c8=Q Rxc8 53. Bxc8 Rc1 54. Be6 Rd1 55. Nc3 Rd4 56. Ne2 Rb4 57. Bd5 Kf6 58. Ng3 Ke5 59. Bg8 h6 60. Nh5 Rb6 61. Bc4 f4 62. Kf3 Rc6 63. Bg8 Rg6 64.
Bf7 Rg5 65. h4 Rf5 66. Bg6 Rf8 67. Bd3 Rd8 68. Bb1 Rd1 69. Bh7 Rd7 70. Bg6 Rd6 71. Be4 Rb6 72. Ng7 Rb3+ 73. Kg4 Kxe4 74. Nh5 f3 75.
Nf6+ Ke5 76. Ng8 h5+ 77. Kxh5 Kf4 78. Nh6 Rb2 79. Ng4 Rb5+ 0-1

[Event "*** Titled Tuesday 3|2 Blitz"]
[Site "Chess.com"]
[Date "2016.09.06"]
[Round "4"]
[White "Haykos"]
[Black "jb2mix"]
[Result "1-0"]
[WhiteElo "2245"]
[BlackElo "2407"]
[TimeControl "180+2"]
[EndTime "11:54:15 PDT"]
[Termination "Haykos won by resignation"]

1. e4 c6 2. d4 d5 3. f3 e6 4.
Be3 dxe4 5. Nd2 exf3 6. Ngxf3 Nd7 7. Nc4 Ngf6 8. Qd2 b5 9. Nce5 Nxe5 10. Nxe5 Bb7 11.
Be2 Nd7 12. Nd3 Bd6 13. O-O Qc7 14. h3 O-O 15. b4 a5 16. a3 e5 17. c3 axb4 18.
axb4 exd4 19. Bxd4 c5 20. bxc5 Nxc5 21. Nxc5 Bxc5 22.
Bxb5 Rad8 23. Rad1 Ba8 24. Qf2 Bxd4 25. cxd4 Rd6 26. Rfe1 Rg6 27. Bf1 Bd5 28. Re5 Qd7 29. Rde1 Ba8 30. Kh2 h6 31. Qf4 Qd6 32. Rf5 Qd7 33.
Re3 Rd8 34. Rg3 Rxg3 35. Kxg3 Qxd4 36. Rxf7 Qxf4+ 37. Rxf4 Rd2 38. Ra4 Bd5 39. Ra5 Kh7 40. Ra3 h5 41. Re3 Kh6 42. Re5 g5 43. h4 gxh4+ 44.
Kh2 Rd4 45. Be2 Kg6 46. Rxh5 Rd2 47. Bg4 Rxg2+ 48. Kh3 Rd2 49. Re5 Bf7 50. Kxh4 Rd4 51. Rg5+ Kf6 52. Rf5+ Ke7 53. Re5+ Kd6 54. Rg5 Ke7 55.
Kg3 Rd3+ 56. Kf4 Rd4+ 57. Ke3 Rb4 58. Bf3 Kf6 59. Rc5 Rb3+ 60. Kf4 Ra3 61. Be4 Be6 62.
Rb5 Ra4 63. Rb6 Ke7 64. Ke5 Ra5+ 65. Kf4 Ra4 66. Rb7+ Kf6 67. Rb6 Ke7 68. Ke3 Kf6 69. Bd5 Ra3+ 70. Kd2 Ke5 71. Bxe6 Kd4 72. Bb3 Kc5 73.
Rb8 Kd4 74. Rb4+ Kc5 75. Kc3 Ra1 76. Rc4+ Kb5 77. Rh4 Rc1+ 78. Bc2 Rg1 79. Rh5+ Kc6 80. Kd4 Kb6 81. Be4 Rc1 82. Rh6+ Kb5 83. Bd3+ Kb4 84. Rb6+ Ka5 85. Rb5+ Ka4 86. Bc4 Rh1 87. Rb8 Rh6 88. Kc3 Rh3+ 89. Bd3 Rh6 90. Ra8+ 1-0

[Event "*** Titled Tuesday 3|2 Blitz"]
[Site "Chess.com"]
[Date "2016.09.06"]
[Round "5"]
[White "Boryboy"]
[Black "Tash_Boy"]
[Result "0-1"]
[WhiteElo "2399"]
[BlackElo "2419"]
[TimeControl "180+2"]
[EndTime "11:57:41 PDT"]
[Termination "Tash_Boy won by resignation"]

1. d4 Nf6 2. Nc3 d5 3. Nf3 g6 4. Bf4 Bg7 5. e3 O-O 6. Be2 b6 7. Ne5 c5 8. h4 h5 9. g4 hxg4 10. Bxg4 Nxg4 11. Nxg4 cxd4 12. exd4 Nc6 13. h5 Bxg4 14. Qxg4 Qc8 15. Qh4 Qe6+ 16. Be3 Nxd4 17. hxg6 Nf3+ 18. Kf1 Nxh4 19. Rxh4 fxg6 0-1

[Event "*** Titled Tuesday 3|2 Blitz"]
[Site "Chess.com"]
[Date "2016.09.06"]
[Round "5"]
[White "Journey_to_GrandMaster_YT"]
[Black "ftorodent"]
[Result "0-1"]
[WhiteElo "2351"]
[BlackElo "2483"]
[TimeControl "180+2"]
[EndTime "11:58:20 PDT"]
[Termination "ftorodent won by resignation"]

1. d4 d5 2. Nf3 Bf5 3. c4 e6 4.
Nc3 Nf6 5. Qb3 Nc6 6. Nh4 Nxd4 7. Qa4+ Qd7 8. Qxd7+ Kxd7 9. Kd1 Bc2+ 10. Kd2 Ne4+ 11. Nxe4 dxe4 12. Kc3 Be7 13. e3 Bxh4 14. exd4 Ba4 15.
g3 Bf6 16. Be3 c5 17. b3 Bc6 18. Rd1 Ke7 19. Kc2 cxd4 20. Bxd4 Bxd4 21. Rxd4 e3 22. Rg1 exf2 0-1

[Event "*** Titled Tuesday 3|2 Blitz"]
[Site "Chess.com"]
[Date "2016.09.06"]
[Round "5"]
[White "Kawhi_Leonard2"]
[Black "Jahonas"]
[Result "1-0"]
[WhiteElo "2016"]
[BlackElo "2180"]
[TimeControl "180+2"]
[EndTime "11:58:24 PDT"]
[Termination "Kawhi_Leonard2 won by resignation"]

1. e4 e5 2. Nf3 Nc6 3. Bb5 Nge7 4. c3 g6 5. d4 exd4 6. cxd4 d5 7. exd5 Nxd5 8.
Nc3 Be6 9. Ne5 Qd6 10. O-O Bg7 11. Ne4 Qd8 12. Nxc6 bxc6 13. Bxc6+ Kf8 14. Bxa8 Qxa8 15. Nc5 Qc6 16. Re1 h5 17. Nxe6+ fxe6 18. Bg5 Kf7 19.
Qf3+ 1-0

[Event "*** Titled Tuesday 3|2 Blitz"]
[Site "Chess.com"]
[Date "2016.09.06"]
[Round "5"]
[White "semiks"]
[Black "Yaacovn"]
[Result "1-0"]
[WhiteElo "2530"]
[BlackElo "2647"]
[TimeControl "180+2"]
[EndTime "11:58:39 PDT"]
[Termination "semiks won by checkmate"]

1. d4 Nf6 2. Nf3 e6 3. e3 b6 4. Bd3 Bb7 5. Nbd2 c5 6. O-O Nc6 7. a3 d5 8. b3 cxd4 9. exd4 Bd6 10. Re1 Qc7 11. Bb2 O-O 12. Ne5 Rac8 13. Qf3 Ne7 14. Qh3 g6 15. Ndf3 Nf5 16. g4 Ng7 17. Qh6 Rfd8 18. Ng5 Bf8 19. Ngxf7 Re8 20. Qg5 Be7 21.
Nh6+ Kf8 22. Qxg6 hxg6 23. Nxg6# 1-0

[Event "*** Titled Tuesday 3|2 Blitz"]
[Site "Chess.com"]
[Date "2016.09.06"]
[Round "5"]
[White "biostatistician"]
[Black "Rating-Schmating"]
[Result "1-0"]
[WhiteElo "2373"]
[BlackElo "2218"]
[TimeControl "180+2"]
[EndTime "11:59:14 PDT"]
[Termination "biostatistician won by resignation"]

1. d4 Nf6 2. Nf3 e6 3. c4 Bb4+ 4. Nbd2 b6 5. a3 Be7 6. e4 d6 7. Bd3 c5 8. d5 e5 9. h3 h6 10. b4 a5 11. bxc5 bxc5 12. Bc2 O-O 13. Ba4 Bd7 14. Rb1 Bxa4 15. Qxa4 Qd7 16. Qxd7 Nbxd7 17. Kd1 Rfb8 18. Kc2 Rxb1 19. Kxb1 Rb8+ 20. Kc2 Ne8 21. Nb3 a4 22. Na5 Ra8 23. Nc6 Kf8 24. Nd2 Nb8 25.
Nxb8 Rxb8 26. Nb1 Nc7 27. Nc3 Ra8 28. Be3 Ke8 29. Rb1 Kd8 30. g3 Kc8 31. Rb6 Na6 32.
Nb5 Kd7 33. Rb7+ Kd8 34. f4 f6 35. f5 Rb8 36. Ra7 Rb6 37. g4 Ke8 38. Rxa6 Rxa6 39.
Nc7+ Kd7 40. Nxa6 Bd8 41. Nxc5+ dxc5 42. Bxc5 Be7 43. Bxe7 Kxe7 44. c5 Kd7 45. Kc3 1-0